 Dungeon Crawl Stone Soup version 0.28.0-47-ge53b351184 (webtiles) character file.

Game seed: 2035387073394639019

131 CryoSword the Conjurer (level 4, -1/36 HPs)
             Began as a Demigod Conjurer on May 5, 2022.
             Slain by Pikel
             ... wielding a +2 whip of freezing
              (5 damage)
             ... on level 3 of the Dungeon.
             The game lasted 00:04:59 (3409 turns).

CryoSword the Conjurer (Demigod Conjurer)           Turns: 3409, Time: 00:04:59

Health: -1/36      AC:  3    Str:  8    XL:     4   Next: 61%
Magic:  9/10       EV: 12    Int: 24    God:
Gold:   53         SH:  0    Dex: 14    Spells: 2/8 levels left

rFire   . . .      SeeInvis .   m - +5 dagger of Vodka {vorpal, Dex+2}
rCold   . . .      Faith    .   (no shield)
rNeg    . . .      Spirit   .   a - +0 robe
rPois   .          Reflect  .   (no helmet)
rElec   .          Harm     .   (no cloak)
rCorr   .          Rampage  .   k - +0 pair of gloves
Will    .....                   (no boots)
Stlth   ++........              (no amulet)
HPRegen 0.12/turn               (no ring)
MPRegen 0.12/turn               (no ring)

@: no status effects
A: high MP 1, forlorn, divine attributes
a: no special abilities


You were on level 3 of the Dungeon.
You visited 1 branch of the dungeon, and saw 4 of its levels.

You collected 77 gold pieces.
You spent 24 gold pieces at shops.

Inventory:

Hand Weapons
 m - the +5 dagger of Vodka (weapon) {vorpal, Dex+2}
   (You found it on level 2 of the Dungeon)

   It inflicts extra damage upon your enemies.
   Dex:       It affects your dexterity (+2).
Armour
 a - a +0 robe (worn)
 k - a +0 pair of gloves (worn)
   (You found it on level 2 of the Dungeon)
Scrolls
 c - 2 scrolls of teleportation {unknown}
 f - a scroll of blinking {unknown}
 h - 2 scrolls of amnesia {unknown}
 i - a scroll of identify {unknown}
 l - a scroll of vulnerability {unknown}
 o - a scroll of enchant weapon {unknown}
 p - a scroll of magic mapping {unknown}
 q - a scroll of immolation {unknown}
Potions
 b - 2 potions of curing {unknown}
 d - a potion of degeneration {unknown}
 e - a potion of invisibility {unknown}
 g - 2 potions of resistance {unknown}
 j - a potion of mutation {unknown}
 n - a potion of attraction {unknown}


   Skills:
 + Level 1.8 Fighting
 - Level 1.7 Dodging
 - Level 1.7 Stealth
 + Level 2.5 Spellcasting
 * Level 4.8 Conjurations


You had 2 spell levels left.
You knew the following spells:

 Your Spells              Type           Power      Damage    Failure   Level
a - Magic Dart            Conj           100%       1d8       1%          1
b - Searing Ray           Conj           52%        2d6       2%          2
c - Dazzling Flash        Conj/Hex       28%        N/A       13%         3

Your spell library contained the following spells:

 Spells                   Type           Power      Damage    Failure   Level
 Gell's Gravitas          Tloc           3%         N/A       34%         3
 Teleport Other           Tloc           3%         N/A       34%         3
 Fulminant Prism          Conj/Hex       7%         3d7       38%         4
 Iskenderun's Mystic Bla  Conj/Tloc      14%        2d5       38%         4
 Agony                    Necr           3%         N/A       97%         5
 Silence                  Hex/Air        1%         N/A       97%         5
 Dispersal                Tloc           1%         N/A       100%        6


Dungeon Overview and Level Annotations

Branches:
Dungeon (4/15)
 Temple: D:4-7

Shops:
D:2 (?*:

Annotations:
D:3 2 transporters, Pikel


Innate Abilities, Weirdness & Mutations

You have an increased reservoir of magic. (+10% MP)
You shall have no god before yourself.
Your divine heritage dramatically boosts your attributes as you level up.


Message History

The gnoll shouts!
Found a transporter.
A goblin comes into view. It is wielding a +0 club.
A goblin is nearby!
A goblin is nearby!
Aim: a goblin, wielding a +0 club (asleep, 100% to hit)
The searing ray hits the goblin!
You kill the goblin! (Press . to maintain the ray.)
A frilled lizard comes into view.
A frilled lizard is nearby!
A frilled lizard is nearby!
A frilled lizard is nearby!
Aim: a frilled lizard (asleep, 100% to hit)
The searing ray hits the frilled lizard!
You kill the frilled lizard! (Press . to maintain the ray.)
Found a spear.
Found a stone staircase leading down.
Found 21 arrows.
p - a scroll labelled QUKLUL OREEGG Key pressed, stopping explore.
There is a stone staircase leading down here.
You see here 21 arrows.
Found an escape hatch in the ceiling.
An endoplasm and a hobgoblin come into view.
Found a stone staircase leading up.
There are monsters nearby!
The helpless hobgoblin fails to defend itself.
You hit the hobgoblin.
You kill the hobgoblin!
No target in view!
The endoplasm quivers.
An endoplasm is nearby!
An endoplasm is nearby!
An endoplasm is nearby!
Aim: an endoplasm (98% to hit)
The searing ray hits the endoplasm!
You kill the endoplasm! (Press . to maintain the ray.)
q - a scroll labelled NYBIM ZUUKKEIR You see here a hobgoblin corpse.
You see here 21 arrows.
There is a stone staircase leading down here.
You see here 22 stones.
An endoplasm comes into view.
An endoplasm is nearby!
An endoplasm is nearby!
An endoplasm is nearby!
That beam is likely to hit you.
Continue anyway?
Okay, then.
Aim: an endoplasm (asleep, 100% to hit)
The searing ray hits the endoplasm!
You kill the endoplasm! (Press . to maintain the ray.) 3 jackals come into view.
The jackal barks!
There are monsters nearby!
There are monsters nearby!
The jackal barks!
Aim: a jackal (74% to hit)
The searing ray hits the jackal. x2
You kill the jackal! (Press . to maintain the ray.)
The jackal barks!
The jackal barely misses you. The jackal bites you.
The searing ray hits the jackal!
You kill the jackal!
The searing ray hits the jackal.
The searing ray hits the jackal.
You kill the jackal!
Things that are here:
a jackal corpse; a jackal corpse The gnoll shouts!
Found a robe.
Found a transporter.
The gnoll shouts!
The gnoll shouts!
You hear a shout! x2
There is a stone staircase leading up here.
Key pressed, stopping explore.
There is a stone staircase leading down here.
Partly explored, unvisited transporter.
Partly explored, unvisited transporter.
Partly explored, unvisited transporter.
There is a stone staircase leading down here.
You climb downwards.
Found a quarterstaff.
There is a stone staircase leading up here.
There are monsters nearby!
There are monsters nearby!
The ball python hisses angrily.
You climb upwards.
Level annotation: 2 transporters
There is a stone staircase leading down here.
There is a stone staircase leading down here.
Unknown command.
You climb downwards.
Level annotation: Pikel
Found 42 gold pieces and a ring mail.
Found two stone staircases leading down.
There is a stone staircase leading up here.
A giant cockroach is nearby!
A giant cockroach is nearby!
A giant cockroach is nearby!
Aim: a giant cockroach (asleep, 100% to hit)
The searing ray hits the giant cockroach!
You kill the giant cockroach! (Press . to maintain the ray.) Pikel is nearby!
Pikel is nearby!
Pikel is nearby!
That beam is likely to hit you.
Continue anyway? [Y]es or [N]o only, please.
That beam is likely to hit you.
Continue anyway?
Okay, then.
Unknown command.
Aim: Pikel, wielding a +2 whip of freezing and wearing a +0 robe (74% to hit)
The searing ray hits Pikel. (Press . to maintain the ray.)
The searing ray hits Pikel.
The searing ray hits the lemure.
The searing ray hits Pikel but does no damage.
The searing ray hits the lemure.
There is a stone staircase leading up here.
Pikel hits you with a +2 whip of freezing.
Pikel freezes you.
You climb upwards.
Level annotation: 2 transporters
There is a stone staircase leading down here.
Aim: Pikel, wielding a +2 whip of freezing and wearing a +0 robe (lightly wounded, 74% to hit)
The searing ray hits Pikel but does no damage. (Press . to maintain the ray.) Pikel hits you with a +2 whip of freezing!
Pikel freezes you.
* * * LOW HITPOINT WARNING * * *
The searing ray hits Pikel!
Pikel hits you with a +2 whip of freezing!
* * * LOW HITPOINT WARNING * * *
Pikel freezes you.
* * * LOW HITPOINT WARNING * * *
Pikel closely misses you.
Okay, then.
Pikel cracks his whip.
Pikel says, "Hell isn't that bad."
There is a stone staircase leading up here.
Pikel closely misses you. Pikel waves his whip at you.
Pikel hits you with a +2 whip of freezing!
* * * LOW HITPOINT WARNING * * *
Pikel freezes you.
You die...

.## #.# #.# #.#.# #...... ..#
#######.#####.###.#.# #.##### #.#
#.................#.###.## #.#
#.#####.#####.##.##.##...##
#####.# ##### #.......#.....###
...#######...####................
.<...###..†<.#..........#.......(
.............###K......###....###
##....8....### #@.............###
###.....### #.##...######.....
##...### #.###.........≈≈≈≈
#.....# #.# #########.≈≈≈≈
#####.# #.# ##.≈≈## #.# #.#
#..≈≈#. ##.######.## #..≈≈#8
#.#....(>..# #..≈≈#. ##.######..#
#..≈≈##


You could see Pikel.

Vanquished Creatures
  An iguana (D:2)
  3 adders
  2 dart slugs
  12 endoplasms
  2 giant cockroaches
  4 goblins
  7 hobgoblins
  5 jackals
  4 kobolds
  2 quokkas (D:2)
  7 ball pythons
  8 bats
  3 frilled lizards
  9 rats
69 creatures vanquished.

Vanquished Creatures (others)
  6 plants (D:3)
6 creatures vanquished.

Grand Total: 75 creatures vanquished

Notes
Turn   | Place    | Note
-------+----------+-------------------------------------------
     0 | D:1      | CryoSword the Demigod Conjurer began the quest for the Orb.
     0 | D:1      | Reached XP level 1. HP: 14/14 MP: 5/5
   462 | D:1      | Reached XP level 2. HP: 22/22 MP: 2/7
   480 | D:1      | Learned a level 2 spell: Searing Ray
   554 | D:1      | You fall into a shaft and drop 1 floor!
   554 | D:2      | Found Fanealex's Book Shoppe.
   559 | D:2      | Reached skill level 4 in Conjurations
   924 | D:2      | Found Ponycs's Magic Scroll Shop.
   950 | D:2      | Reached skill level 1 in Fighting
  1035 | D:1      | Reached XP level 3. HP: 28/28 MP: 2/8
  1097 | D:1      | Learned a level 3 spell: Dazzling Flash
  1874 | D:2      | Found Leuniyke's Assorted Antiques.
  1882 | D:2      | Bought a metallic silvery potion for 24 gold pieces
  2148 | D:2      | Reached XP level 4. HP: 25/35 MP: 4/10
  2275 | D:2      | Found Salet's Weapon Boutique.
  2278 | D:2      | Identified the +5 dagger of Vodka {vorpal, Dex+2}
  2683 | D:3      | Found a transporter.
  3067 | D:3      | Found a transporter.
  3097 | D:3      | Identified the +2 halberd of Winter {chaos, rC+}
  3317 | D:4      | Noticed Pikel
  3317 | D:4      | Noticed a lemure
  3317 | D:4      | Noticed a lemure
  3317 | D:4      | Noticed a lemure
  3317 | D:4      | Noticed a lemure
  3409 | D:3      | Slain by Pikel

Illustrated notes

Levels and vault maps discovered:
D:1:      dpeg_arrival_pits, layout_basic, dreamdust_ecumenical_altar_statues
D:2:      layout_basic, basic_altar, serial_shops, nicolae_shop_trees,
          nicolae_shop_crystal, nicolae_shop_waterfront,
          nicolae_shop_advertising_works [nicolae_subvault_shop_adworks]
D:3:      layout_loops_ring, gammafunk_ghost_gnarly_gnolls, grunt_ministairs_12
D:4:      layout_cave_pools, zin_academy, minmay_temple_entry_ruins,
          uniq_menkaure, uniq_pikel, uniq_ijyb

Skill      XL: |  1  2 |
---------------+-------+-----
Spellcasting   | 2 |  2.5
Conjurations   | 4 |  4.8
Fighting       | 1 |  1.8
Dodging        | |  1.7
Stealth        | |  1.7

Action                   |  1- 3 |  4- 6 || total
-------------------------+-------+-------++-------
Melee: Long sword        |    29 |       ||    29
       Dagger            |       |     6 ||     6
 Cast: Magic Dart        |    38 |     1 ||    39
       Searing Ray       |    20 |    13 ||    33
 Stab: Sleeping          |     1 |     1 ||     2
Armor: Robe              |    12 |       ||    12
Dodge: Dodged            |    37 |     7 ||    44
